 Dungeon Crawl Stone Soup version 0.27-a0-1273-gec92ba881d (webtiles) character file.

Game seed: 11043847323210056161

172 night the Chiller (level 5, -2/31 HPs)
             Began as an Octopode Ice Elementalist on June 11, 2021.
             Slain by Grinder (7 damage)
             ... on level 3 of the Dungeon.
             The game lasted 00:05:59 (3277 turns).

night the Chiller (Octopode Ice Elementalist)       Turns: 3277, Time: 00:05:59

Health: -2/31      AC:  1    Str:  8    XL:     5   Next: 52%
Magic:  8/10       EV: 13    Int: 18    God:
Gold:   4          SH:  0    Dex: 12    Spells: 4/11 levels left

rFire    . . .     SeeInvis .   b - +0 dagger
rCold    + + .     Faith    .   (no shield)
rNeg     . . .     Spirit   .   (helmet restricted)
rPois    .         Reflect  .   (no amulet)
rElec    .         Harm     .   d - ring of protection from cold
rCorr    .         Rampage  .   h - ring of protection from cold
Will     .....                  (no ring)
Stlth    +++.......             (no ring)
HPRegen  0.10/turn              (no ring)
MPRegen  0.12/turn              (no ring)
                                (no ring)
                                (no ring)

@: very slightly contaminated, invisible
A: almost no armour, amphibious, 8 rings, camouflage 1, gelatinous body 1,
(nimble swimmer 1), tentacles
a: no special abilities


You were on level 3 of the Dungeon.
You visited 1 branch of the dungeon, and saw 3 of its levels.

You collected 136 gold pieces.
You spent 132 gold pieces at shops.

Inventory:

Hand Weapons
 b - a +0 dagger (weapon)
 i - a +0 hunting sling
Missiles
 e - 71 stones
 g - 13 sling bullets
Jewellery
 d - a ring of protection from cold (left tentacle)
 h - a ring of protection from cold (right tentacle)
Scrolls
 a - a scroll of acquirement
 f - a scroll of amnesia {unknown}
 l - a scroll of identify {unknown}
Potions
 k - a potion of curing


   Skills:
 - Level 2.0 Dodging
 - Level 2.6 Stealth
 + Level 3.8 Spellcasting
 + Level 5.4 Ice Magic


You had 4 spell levels left.
You knew the following spells:

 Your Spells              Type           Power      Damage    Failure   Level
a - Freeze                Ice            92%        1d10      1%          1
b - Frozen Ramparts       Ice            46%        1d6       4%          3
c - Ozocubu's Armour      Ice            23%        N/A       4%          3

Your spell library contained the following spells:

 Spells                   Type           Power      Damage    Failure   Level
 Hailstorm                Conj/Ice       13%        3d5       43%         4
 Metabolic Englaciation   Hex/Ice        6%         N/A       80%         5


Dungeon Overview and Level Annotations

Branches:
Dungeon (3/15)

Altars:

Shops:
D:1 :   D:3 !

Annotations:
D:3 Grinder


Innate Abilities, Weirdness & Mutations

You cannot wear most types of armour.
You are amphibious.
You can wear up to eight rings at the same time.
Your skin changes colour to match your surroundings (Stealth+).
Your rubbery body absorbs attacks. (AC +1, EV +1)
((You are camouflaged near water. (Stealth+)))
You have tentacles for arms and can constrict up to eight enemies at once.


Message History

Confirm with . or Enter, or press ? or * to list all spells.
Aiming: Freeze (safe; 1% risk of failure)
Press: ? - help, Shift-Dir - straight line, f - Grinder
Aim: Grinder (lightly wounded, constricted by you)
You freeze Grinder.
Grinder resists.
Grinder is lightly wounded.
The frozen ramparts melt away.
You constrict Grinder. Grinder hits you.
* * * LOW HITPOINT WARNING * * *
You writhe in agony.
* * * LOW HITPOINT WARNING * * *
It was a potion of heal wounds.
You feel much better.
You constrict Grinder. Grinder gestures at you.
You barely resist.
You fade into invisibility!
You constrict Grinder.
Grinder struggles to blink free from constriction.
You are very lightly contaminated with residual magic.
You barely miss Grinder.
Grinder is lightly wounded.
You constrict Grinder. Grinder hits you!
You writhe in agony.
The orc shouts!
You hit Grinder. You squeeze Grinder, but do no damage.
Grinder is moderately wounded.
You constrict Grinder.
You hear a shout! x2
Grinder gestures at you. Pain shoots through your body!
* * * LOW HITPOINT WARNING * * *
You hear an angry hiss.
You hit Grinder but do no damage. You squeeze Grinder.
Grinder is heavily wounded.
You constrict Grinder. Grinder gestures at you.
You resist with significant effort.
You hit Grinder but do no damage. You squeeze Grinder.
Grinder is heavily wounded.
You constrict Grinder.
Grinder says, "DUCK!"
Grinder hits you!
You die...

#.####.#######.#
...... #........# #.#
.....
#........#####.# ...5
#..............# ...
#........####### #..
#............... #.(
#........#####.#
#o.###.##.#.#.# #.#
#..5@.....#.#.#####.#
#.####.####.........#
# #..........#####
######.....# #.....#
#######


You could see Grinder and an orc wizard (wandering).

Vanquished Creatures
  Jessica (D:2)
  Terence (D:3)
  2 adders
  4 gnolls (D:3)
  A worm (D:1)
  A dart slug (D:3)
  3 orcs
  5 endoplasms
  A giant cockroach (D:1)
  5 goblins
  11 hobgoblins
  3 kobolds (D:1)
  2 quokkas
  5 ball pythons (D:1)
  5 bats
  4 frilled lizards
  5 rats
59 creatures vanquished.

Notes
Turn   | Place    | Note
-------+----------+-------------------------------------------
     0 | D:1      | night the Octopode Ice Elementalist began the quest for the
                  | Orb.
     0 | D:1      | Reached XP level 1. HP: 11/11 MP: 3/3
   197 | D:1      | Reached XP level 2. HP: 10/17 MP: 1/5
   539 | D:1      | Found Wiehea Fete's Book Shoppe.
   731 | D:1      | Reached XP level 3. HP: 20/21 MP: 6/6
   735 | D:1      | Learned a level 3 spell: Frozen Ramparts
   739 | D:1      | Learned a level 3 spell: Ozocubu's Armour
  1518 | D:2      | Found a faded altar of an unknown god.
  1538 | D:1      | HP: 3/21 [worm (7)]
  1859 | D:2      | Noticed Jessica
  1870 | D:2      | Killed Jessica
  1871 | D:2      | Reached XP level 4. HP: 23/27 MP: 3/8
  2001 | D:2      | Identified a scroll of acquirement
  2477 | D:3      | Reached skill level 5 in Ice Magic
  2485 | D:3      | Found Wuofagi's Distillery.
  2592 | D:3      | Bought a potion of invisibility for 96 gold pieces
  2592 | D:3      | Bought a potion of curing for 36 gold pieces
  2595 | D:3      | Noticed Terence
  2608 | D:3      | Killed Terence
  2609 | D:3      | Reached XP level 5. HP: 31/31 MP: 3/10
  3259 | D:3      | Noticed Grinder
  3277 | D:3      | Slain by Grinder

Illustrated notes

Levels and vault maps discovered:
D:1:      erik_arrival_cave_to_civilisation [erik_arrival_cave_to_temple],
          layout_loops_ring, serial_shops, shop, minmay_quantized
D:2:      layout_basic, hellmonk_ecumenical_altar_heavens_door, uniq_jessica
D:3:      layout_basic, serial_shops, shop_fountains, uniq_terence, uniq_grinder

Skill      XL: |  1  2  3  4 |
---------------+-------------+-----
Spellcasting   | 3 |  3.8
Ice Magic      | 5 |  5.4
Dodging        | |  2.0
Stealth        | |  2.6

Action                   |  1- 3 |  4- 6 || total
-------------------------+-------+-------++-------
Melee: Whip              |     6 |       ||     6
       Constrict         |    12 |     6 ||    18
       Dagger            |    47 |    26 ||    73
       Tentacles         |     9 |     7 ||    16
 Cast: Freeze            |    17 |     5 ||    22
       Frozen Ramparts   |     3 |     8 ||    11
       Ozocubu's Armour  |       |     1 ||     1
  Use: Scroll            |       |     3 ||     3
       Potion            |       |     2 ||     2
 Stab: Sleeping          |    11 |     2 ||    13
Armor: Skin              |     1 |       ||     1
Dodge: Dodged            |    48 |    18 ||    66

Table legend: (Time is in decaauts)
 A = Elapsed time spent in this place.
 B = Non-inter-level travel time spent in this place.
 C = Inter-level travel time spent in this place.
 D = Time resting spent in this place.
 E = Time spent auto-exploring this place.
 F = Levels seen in this place.
 G = Mean time per level.
                   A        B        C        D        E       F      G
               +--------+--------+--------+--------+--------+-----+--------+
         Total |   3278 |   3227 |     51 |    802 |   1981 |   3 | 1092.7 |
       Dungeon |   3278 |   3227 |     51 |    802 |   1981 |   3 | 1092.7 |
               +--------+--------+--------+--------+--------+-----+--------+

Top non-repeatable levels by time:
     D:1: 1633 daAuts
     D:2: 1007 daAuts
     D:3: 637 daAuts
